AoeStats
← jphilkill

Arabia

506655994Analyzed
4v4 RM · 19d ago on Sep 14, 2026· 12m 58s· 8 players
Game mode
Random Map
Map size
Large (8 player)
Population
200
Speed
Normal
Resources
Standard
Victory
Conquest
Starting age
Dark Age
Ending age
Imperial Age
RankedLock teamsTeams togetherTeam positionsShared explorationLock speedFull tech treeHidden civsTurbo modeCheats
Victory
Defeat
🇨🇴 Franks · Colombia
989
+15
🇩🇪 Burgundians · Germany
948
+16
🇨🇱 Persians · Chile
935
+17
🇨🇳 Huns · China
926
+17
🇨🇳 Tupi · China
981
-17
🇹🇼 Teutons · Taiwan
977
-17
🇹🇼 Persians · Taiwan
969
-17
🇨🇦 Khitans · Canada
889
-14
Larvabot
10:19 Feudal Age
9:49 Loom
Lancelot_
6:55 Loom
10:08 Feudal Age
11:00 Town Watch
LV小吕
jphilkill
0:50 Loom
10:42 Wheelbarrow
9:56 Double-Bit Axe
13:16 Feudal Age
Fanjo MTL
4:49 Loom
天線迪西
3:32 Loom
YOU B4STARD!
y852963741
Connection lost

Rejoining the realm…

Still unreachable

The connection could not be restored.

Session expired

The server has moved on; the page needs a fresh start.